Unix NetHack Version 5.0.0-0 post-release - last build May 23 2026 06:08:33 (1c0ff79ee797540d5714e4e18072db0edd9e58ae,branch:main).

Game began 2026-05-24 11:43:42, ended 2026-05-24 21:24:58.

Jobair, neutral female human Tourist

                       --------------------------------
                       |.........G..Y.....@i..........|
                       | -----  -------------+------- |

Jobair the Sightseer        St:12 Dx:15 Co:13 In:13 Wi:9 Ch:14  Neutral
Dlvl:6  $:666 HP:0(32) Pw:16(16) AC:7  Xp:5 T:1502  Burdened

Latest messages:
 In what direction? 2
 The dwarf is blinded by the flash!
 You hear crashing rock.
 You hear crashing rock.
 You hit the gnome.
 The gnome wields a thonged club!
 The gnome secures the tether on the thonged club.
 You feel more confident in your weapon skills.
 You hit the gnome.
 The gnome swings his thonged club.
 The gnome misses!
 You miss the gnome.
 The gnome swings his thonged club.
 The gnome hits!
 In what direction? 2
 You kill the gnome!
 The gnome picks up a +2 dart.
 In what direction? 2
 You kill the gnome!
 In what direction? 4
 You kill the dwarf!
 There are several objects here.
 a - a +2 dart (at the ready) (22 in total).
 You have a little trouble lifting a dwarvish mithril-coat.  Continue? [ynq] (q) y
 You have a little trouble lifting M - a dwarvish mithril-coat.
 Your movements are slowed slightly because of your load.
 You have a little trouble lifting a - a +2 dart (at the ready) (23 in total).
 N - a clear potion.
 There are several objects here.
 You have a little trouble lifting O - a hard hat.
 You see here a thonged club.
 A trap door opens up under you!
 You are beginning to feel hungry.
 What do you want to eat?
 My, this is a yummy goober!
 You hear a door open.
 The tengu appears next to you!
 You miss the tengu.
 The tengu bites!
 The tengu bites!
 In what direction? 6
 The dart misses the tengu.
 The tengu bites!
 The tengu bites!
 You die...
 Do you want your possessions identified? [ynq] (y) y
 Do you want to see your attributes? [ynq] (y) y
 Do you want an account of creatures vanquished? [ynaq] (y) y
 Do you want to see your conduct and achievements? [ynq] (y) y
 Do you want to see the dungeon overview? [ynq] (y) y

Inventory:
 Coins    ('$')
  $ - 666 gold pieces
 Weapons  (')')
  u - a +0 bow
  B - 6 blessed +0 darts
  a - 22 +2 darts (at the ready)
  L - 6 cursed -2 darts
  C - 4 +0 daggers (wielded)
  s - 2 +0 orcish daggers
 Armor    ('[')
  O - an uncursed +0 dwarvish iron helm
  D - an uncursed +0 pair of iron shoes (being worn)
  n - an uncursed +0 cloak of displacement (being worn)
  E - a blessed +2 dwarvish cloak
  v - an uncursed +0 Hawaiian shirt with a flamingo motif
  k - an uncursed +0 Hawaiian shirt with a sea turtle motif
  M - an uncursed +0 dwarvish mithril-coat
 Comestibles  ('%')
  A - an uncursed goober
  d - 3 uncursed carrots
  h - 4 uncursed food rations
  g - an uncursed pancake
  b - 2 uncursed tripe rations
  e - an uncursed homemade tin of jackal meat
  f - an uncursed tin of stir fried newt meat
  c - 2 uncursed eggs
 Scrolls  ('?')
  K - an uncursed scroll of confuse monster
  t - a cursed scroll of enchant weapon
  o - a blessed scroll of identify
  p - an uncursed scroll of identify
  q - an uncursed scroll of identify
  j - 4 uncursed scrolls of magic mapping
 Potions  ('!')
  i - 2 uncursed potions of extra healing
  z - an uncursed potion of sickness
  N - a potion of holy water
 Tools    ('(')
  I - an uncursed bugle
  m - an uncursed credit card
  l - an expensive camera (0:94)
  r - an uncursed leash
  w - an uncursed magic whistle
  F - a +0 pick-axe
  J - an uncursed skeleton key
 Gems/Stones  ('*')
  G - 2 uncursed worthless pieces of blue glass
  x - 2 uncursed worthless pieces of orange glass
  H - an uncursed worthless piece of yellow glass

Jobair the Tourist's attributes:

Background:
 You were a Sightseer, a level 5 female human Tourist.
 You were neutral, nominally on a mission for The Lady
 who was opposed by Blind Io (lawful) and Offler (chaotic).
 You were right-handed.
 You were in the Gnomish Mines, on level 6.
 You entered the dungeon 1502 turns ago.
 You had 234 experience points, 86 more were needed to attain level 6.

Basics:
 You had 0 out of 32 hit points.
 You had all 16 energy points (spell power).
 Your armor class was 7.
 Your wallet contained 666 zorkmids.
 Autopickup was off.

Final Characteristics:
 Your strength was 12 (limit:18/100).
 Your dexterity was 15 (limit:18).
 Your constitution was 13 (limit:18).
 Your intelligence was 13 (limit:18).
 Your wisdom was 9 (limit:18).
 Your charisma was 14 (limit:18).

Final Status:
 You weren't hungry.
 You were burdened; movement was slightly slowed.
 You were wielding daggers.
 You were unskilled in dagger and could have enhanced that.

Final Attributes:
 You were devoutly aligned.
 You were displaced.
 You were warded.
 You are dead.

Miscellaneous:
 You encountered 1 bones level.
 Total elapsed playing time was 20 minutes and 14 seconds.

Major events:
 Turn
    1: Jobair the neutral female human Tourist entered the dungeon
  879: attained the rank of Sightseer (level 3)
 1013: entered the Gnomish Mines
 1493: reached Mine Town
 1502: killed by a tengu

You didn't know any spells.

Skills:
 Fighting Skills
   bare handed combat [Unskilled]
   two weapon combat  [Unskilled]
   riding             [Unskilled]
 Weapon Skills
   dagger             [Unskilled]
   knife              [Unskilled]
   axe                [Unskilled]
   pick-axe           [Unskilled]
   short sword        [Unskilled]
   broadsword         [Unskilled]
   long sword         [Unskilled]
   two-handed sword   [Unskilled]
   saber              [Unskilled]
   mace               [Unskilled]
   morning star       [Unskilled]
   flail              [Unskilled]
   hammer             [Unskilled]
   quarterstaff       [Unskilled]
   polearms           [Unskilled]
   spear              [Unskilled]
   trident            [Unskilled]
   lance              [Unskilled]
   bow                [Unskilled]
   sling              [Unskilled]
   crossbow           [Unskilled]
   dart               [Basic]
   shuriken           [Unskilled]
   boomerang          [Unskilled]
   whip               [Unskilled]
   unicorn horn       [Unskilled]
 Spellcasting Skills
   divination spells  [Unskilled]
   enchantment spells [Unskilled]
   escape spells      [Unskilled]

Voluntary challenges:
 Character rerolling was not enabled.
 You were an atheist.
 You were illiterate.
 You never genocided any monsters.
 You never polymorphed an object.
 You never changed form.
 You used no wishes.
Achievements:
 You entered a shop.
 You attained the rank of Sightseer.
 You entered the Gnomish Mines.
 You entered Minetown.

 The Dungeons of Doom: levels 1 to 4
    Level 1:
       A fountain, a grave.
    Level 2:
       A general store, a fountain.
    Level 3:
       A general store, a fountain.
       Stairs down to The Gnomish Mines.
    Level 4:
 The Gnomish Mines: levels 4 to 6
    Level 4:
    Level 5:
    Level 6: <- You were here.
       Final resting place for
          you, killed by a tengu,
          androo-Wiz-Hum-Mal-Neu, killed by a tengu, while praying.


Vanquished creatures:
  a gnome leader
  3 dwarves
 an acid blob
  a hobbit
  a hobgoblin
  3 giant rats
  a yellow mold
 16 gnomes
  5 jackals
  2 foxes
  2 goblins
  a sewer rat
  7 grid bugs
  4 lichens
  a kobold zombie
  6 newts
55 creatures vanquished.

No species were genocided or became extinct.

Game over:
                       ----------
                      /          \
                     /    REST    \
                    /      IN      \
                   /     PEACE      \
                  /                  \
                  |      Jobair      |
                  |      666 Au      |
                  |   killed by a    |
                  |      tengu       |
                  |                  |
                  |                  |
                  |       2026       |
                 *|     *  *  *      | *
        _________)/\\_//(\/(/\)/\//\/|_)_______

Aloha Jobair the Tourist...

You died in The Gnomish Mines on dungeon level 6 with 1186 points,
and 666 pieces of gold, after 1502 moves.
You were level 5 with a maximum of 32 hit points when you died.

